Map: Blackburn LE

Players

Strange

  • Race: Protoss Protoss

Denver - Winner!

  • Race: Zerg Zerg

Event: DreamHack SC2 Masters 2021 Winter

VOD

Have the link to the VOD?

Description

Time

  • Played on: Oct. 7, 2021, 10:51 a.m.
  • Length: 12:45

All games in this series

Show
View Real Time Build Order
Export as new Build Order

Strange Protoss 

Build Orders: 1 Gate Expand, Oracle Opening, Zealot Archon, Archon Drop 

Get SALT Encoding   

  12  0:00  Probe  
  13  0:12  Probe  
  14  0:20  Pylon  
  14  0:24  Probe  
  15  0:38  Gateway, Probe (Chrono Boost)  
  16  0:46  Probe (Chrono Boost)  
  16  0:47  Assimilator  
  17  0:52  Probe  
  18  1:04  Probe  
  19  1:16  Probe  
  20  1:26  Nexus  
  20  1:35  Cybernetics Core  
  20  1:38  Probe  
  21  1:45  Assimilator  
  21  1:50  Probe  
  21  1:54  Pylon  
  22  2:02  Probe  
  23  2:09  Adept (Chrono Boost)  
  23  2:14  Probe  
  26  2:19  Stargate  
  26  2:24  Warp Gate  
  26  2:26  Probe (Chrono Boost)  
  27  2:32  Adept  
  30  2:37  Probe (Chrono Boost)  
  30  2:40  Probe (Chrono Boost)  
  32  2:47  Probe (Chrono Boost)  
  32  2:48  Probe (Chrono Boost)  
  33  2:52  Probe (Chrono Boost)  
  33  2:53  Probe (Chrono Boost)  
  33  2:54  Void Ray (Chrono Boost), Pylon  
  39  3:06  Probe  
  39  3:08  Probe  
  41  3:18  Probe  
  42  3:20  Probe  
  42  3:21  Gateway  
  43  3:28  Oracle (Chrono Boost)  
  43  3:30  Probe  
  43  3:32  Probe  
  48  3:42  Probe  
  48  3:44  Probe  
  49  3:54  Probe  
  50  3:58  Pylon  
  50  4:00  Nexus, Probe  
  51  4:06  Probe  
  51  4:09  Assimilator  
  52  4:10  Assimilator  
  52  4:12  Twilight Council  
  52  4:14  Forge  
  52  4:17  Probe (Chrono Boost)  
  52  4:22  Probe (Chrono Boost)  
  54  4:29  Probe (Chrono Boost)  
  56  4:33  Robotics Facility, Probe (Chrono Boost)  
  56  4:34  Probe (Chrono Boost)  
  57  4:40  Protoss Ground Weapons Level 1 (Chrono Boost)  
  57  4:42  Gateway  
  57  4:45  Gateway  
  57  4:47  Charge  
  57  4:54  Shield Battery  
  57  5:01  Gateway  
  57  5:02  Gateway  
  57  5:06  Templar Archives  
  57  5:08  Probe x2  
  59  5:17  Warp Prism (Chrono Boost), Probe  
  59  5:20  Probe  
  63  5:27  Gateway  
  63  5:28  Gateway  
  63  5:34  Pylon  
  63  5:35  Probe x3  
  66  5:47  Probe  
  66  5:48  Pylon  
  67  5:51  High Templar  
  67  5:52  High Templar x3  
  67  5:56  Archon x2  
  75  5:59  Zealot x2  
  75  6:00  Pylon  
  75  6:02  Probe  
  75  6:03  Probe x2, Pylon  
  82  6:09  Pylon  
  82  6:12  Pylon  
  82  6:27  Zealot x7  
  82  6:28  Zealot  
  98  6:44  Immortal (Chrono Boost)  
  84  6:54  Stalker x2  
  84  6:56  Sentry  
  84  6:57  Zealot x2, High Templar x2  
  84  6:58  Zealot  
  98  7:01  Probe x2  
  98  7:02  Probe  
  98  7:08  Archon  
  99  7:10  Protoss Ground Weapons Level 2 (Chrono Boost)  
  99  7:13  Probe x2, Shield Battery x2  
  99  7:14  Probe  
  102  7:19  Assimilator  
  102  7:21  Assimilator  
  102  7:24  Immortal  
  102  7:25  Probe  
  102  7:26  Probe x2  
  109  7:33  Robotics Bay  
  109  7:34  Pylon  
  109  7:35  Robotics Facility  
  109  7:37  Pylon  
  109  7:38  Probe x3  
  112  7:44  Photon Cannon  
  112  7:50  Probe x2  
  114  7:51  Blink (Chrono Boost)  
  114  7:59  Pylon  
  114  8:01  Nexus  
  114  8:10  Photon Cannon  
  118  8:13  Photon Cannon  
  118  8:19  Colossus x2 (Chrono Boost)  
  113  8:25  Extended Thermal Lance  
  125  8:27  Stalker  
  121  8:34  Stalker  
  121  8:36  Stalker  
  121  8:39  Stalker x2  
  123  8:49  Stalker x2  
  123  8:54  Stalker  
  123  8:55  Stalker  
  129  8:56  Probe  
  129  9:00  Shield Battery  
  130  9:09  Stalker x2  
  134  9:12  Probe x3  
  134  9:17  Photon Cannon  
  134  9:19  Sentry  
  134  9:20  Sentry  
  138  9:25  Probe x4  
  138  9:29  Stalker  
  144  9:37  Probe  
  144  9:38  Zealot x3  
  145  9:53  Stalker x2  
  145  9:57  Probe  
  140  10:09  Stalker x5  
  140  10:10  Probe x4  
  135  10:22  Probe x4  
  139  10:30  Stalker x3  
  139  10:34  Probe x4  
  149  10:46  Probe x2  
  149  10:47  Warp Prism (Chrono Boost)  
  151  10:50  Pylon  
  151  10:55  Shield Battery  
  151  10:56  High Templar x2  
  151  10:57  High Templar x2  
  159  11:01  Archon  
  159  11:02  Archon  
  159  11:11  High Templar x2, Pylon  
  159  11:12  Zealot x2  
  159  11:16  Archon  
  159  11:18  Photon Cannon  
  167  11:23  Gateway  
  167  11:24  Gateway  
  167  11:26  Observer x2  
  167  11:32  Stalker x5  
  179  11:53  Observer x2  
  175  11:57  Zealot x2  
  179  12:02  Pylon  
  179  12:03  Pylon  
  179  12:20  Zealot x3  
  179  12:21  Stalker x2, Zealot  
  179  12:22  Stalker x3  
  194  12:25  Stalker  
  180  12:30  Assimilator  
Show
View Real Time Build Order
Export as new Build Order

Denver Zerg - Winner!

Build Orders: Hatch First, Lurkers 

Get SALT Encoding   

  12  0:00  Drone  
  13  0:12  Overlord  
  13  0:16  Drone  
  14  0:30  Drone x2  
  16  0:48  Hatchery  
  15  0:51  Drone  
  15  0:54  Drone  
  17  0:59  Drone  
  18  1:09  Extractor  
  17  1:14  Spawning Pool  
  17  1:17  Drone  
  17  1:20  Drone  
  18  1:27  Drone  
  19  1:38  Drone  
  20  1:49  Overlord  
  20  2:01  Queen x2  
  20  2:02  Zergling x2  
  20  2:03  Zergling x2  
  26  2:09  Metabolic Boost  
  26  2:11  Drone  
  26  2:15  Drone  
  28  2:22  Drone x2  
  30  2:37  Hatchery  
  30  2:40  Drone  
  30  2:46  Queen  
  32  2:51  Overlord  
  32  2:54  Drone  
  32  2:57  Drone  
  34  2:58  Drone  
  34  3:02  Drone  
  36  3:10  Drone x3  
  36  3:12  Overlord  
  39  3:14  Drone  
  39  3:17  Drone  
  39  3:18  Drone  
  42  3:21  Spore Crawler  
  42  3:25  Drone x2  
  43  3:31  Queen  
  45  3:34  Overlord  
  45  3:39  Drone x2  
  47  3:44  Drone x3  
  47  3:46  Drone  
  50  3:54  Overlord  
  50  3:57  Drone x3  
  50  4:00  Spore Crawler  
  52  4:03  Drone x3  
  52  4:09  Drone x2, Spore Crawler  
  56  4:14  Queen  
  56  4:16  Zergling x4  
  60  4:20  Overlord  
  61  4:24  Zergling x4  
  61  4:26  Drone  
  61  4:27  Drone x2  
  61  4:31  Roach Warren  
  63  4:33  Overlord  
  63  4:37  Drone x2  
  65  4:40  Lair  
  65  4:44  Drone  
  65  4:45  Drone x4  
  70  4:50  Overlord  
  70  4:51  Extractor  
  69  4:53  Extractor  
  69  4:54  Drone x3  
  69  4:55  Drone x2  
  69  4:58  Drone x2  
  69  4:59  Drone  
  76  5:04  Queen  
  76  5:06  Queen  
  77  5:13  Drone x5  
  84  5:21  Extractor  
  84  5:22  Extractor  
  84  5:24  Evolution Chamber  
  84  5:26  Overlord  
  81  5:28  Hatchery  
  81  5:34  Drone x4  
  84  5:36  Extractor  
  84  5:37  Drone x2  
  84  5:38  Drone  
  84  5:40  Queen  
  84  5:41  Overseer  
  87  5:45  Roach x4  
  87  5:47  Overlord  
  95  5:51  Overlord x2  
  95  5:57  Overlord  
  95  5:58  Baneling Nest  
  94  6:05  Spire  
  94  6:06  Roach x4  
  94  6:09  Drone  
  94  6:10  Drone  
  103  6:11  Spore Crawler  
  103  6:12  Glial Reconstitution  
  103  6:16  Roach x2  
  103  6:17  Roach  
  107  6:19  Roach  
  107  6:24  Roach x3  
  115  6:30  Roach x3  
  115  6:41  Roach x7  
  123  6:48  Roach x2  
  122  6:56  Drone  
  122  6:57  Drone x8  
  129  7:06  Zerg Missile Weapons Level 1  
  129  7:07  Overlord  
  129  7:14  Overlord  
  129  7:22  Spore Crawler  
  128  7:28  Mutalisk x3  
  134  7:32  Overlord  
  134  7:34  Mutalisk x4  
  142  7:38  Overlord x2  
  142  7:47  Mutalisk  
  142  7:48  Mutalisk  
  142  7:51  Drone x8  
  147  7:54  Extractor, Overlord  
  147  7:55  Extractor  
  147  7:57  Drone, Hydralisk Den, Overlord  
  150  8:00  Drone x3  
  150  8:01  Overlord  
  150  8:03  Roach x2  
  157  8:09  Roach  
  157  8:10  Roach x4  
  157  8:12  Overlord x2  
  167  8:23  Roach x5  
  167  8:24  Ravager x3  
  180  8:27  Overlord  
  180  8:39  Lurker Den  
  180  8:41  Infestation Pit  
  174  8:52  Hatchery  
  174  8:53  Mutalisk x4  
  179  8:59  Zergling x32  
  195  9:07  Zerg Missile Weapons Level 2  
  195  9:09  Grooved Spines  
  195  9:10  Drone x5  
  200  9:18  Hive  
  193  9:41  Hydralisk x7  
  193  9:43  Extractor  
  193  9:44  Extractor  
  197  9:46  Centrifugal Hooks  
  189  10:09  Hydralisk x6  
  188  10:24  Lurker  
  188  10:25  Lurker x3  
  186  10:30  Seismic Spines  
  186  10:31  Viper x2  
  192  10:38  Drone  
  192  10:39  Drone x3  
  192  10:40  Viper  
  197  10:44  Spine Crawler  
  197  10:45  Spine Crawler x3  
  197  10:46  Lurker x2, Spine Crawler  
  188  10:57  Lurker x2  
  188  10:58  Lurker  
  188  11:00  Spine Crawler x2  
  188  11:01  Spine Crawler  
  182  11:13  Lurker  
  182  11:14  Lurker x3  
  186  11:19  Drone x6  
  186  11:25  Hydralisk x3  
  192  11:28  Adaptive Talons  
  192  11:32  Muscular Augments  
  198  11:33  Spine Crawler x3  
  198  11:34  Spore Crawler  
  198  11:35  Spine Crawler  
  189  11:50  Hydralisk  
  189  11:51  Hydralisk x4  
  179  12:02  Hydralisk  
  179  12:03  Hydralisk x9  
  199  12:10  Spine Crawler  
  199  12:11  Spine Crawler  
  199  12:13  Spine Crawler  
  194  12:15  Lurker x2  
  194  12:16  Lurker x2  

Tags
 
Add a new tag
Caveats
  • Supply blocks, unpowered buildings, or Contaminate may cause inaccurate times.
  • Supply counts are checked every 10 seconds.